 Dungeon Crawl Stone Soup version 0.28-a0-1382-g92835e5c71 (webtiles) character file.

Game seed: 5684574545706404540

469 lessens the Cudgeller (level 7, 0/41 HPs)
             Began as a Gargoyle Hunter on Jan 2, 2022.
             Slain by a kobold demonologist (4 damage)
             ... on level 5 of the Dungeon.
             The game lasted 00:04:13 (4912 turns).

lessens the Cudgeller (Gargoyle Hunter)             Turns: 4912, Time: 00:04:13

Health: 0/41       AC: 14    Str: 17    XL:     7   Next: 9%
Magic:  7/7        EV:  7    Int: 12    God:
Gold:   224        SH:  0    Dex: 10    Spells: 6/6 levels left

rFire   . . .      SeeInvis .   y - +0 morningstar
rCold   . . .      Faith    .   (no shield)
rNeg    + . .      Spirit   .   f - +0 chain mail
rPois   ∞          Reflect  .   s - +1 hat
rElec   +          Harm     .   (no cloak)
rCorr   .          Rampage  .   x - +0 pair of gloves
Will    .....                   (no boots)
Stlth   ..........              (no amulet)
HPRegen 0.13/turn               (no ring)
MPRegen 0.10/turn               (no ring)

@: no status effects
A: sickness immunity, AC +4, negative energy resistance 1, electricity
resistance, torment resistance 1, petrification resistance
a: no special abilities


You were on level 5 of the Dungeon.
You visited 1 branch of the dungeon, and saw 5 of its levels.

You collected 224 gold pieces.

Inventory:

Hand Weapons
 a - a +0 short sword
 g - a +0 club
 m - a +1 vorpal hand axe
 n - a +0 mace of protection
 y - a +0 morningstar (weapon)
Missiles
 c - 6 javelins (quivered)
 d - 2 throwing nets
 j - 130 stones
Armour
 b - a +0 leather armour
 f - a +0 chain mail (worn)
 s - a +1 hat (worn)
 x - a +0 pair of gloves (worn)
Jewellery
 o - a ring of ice
Wands
 A - a wand of flame (28)
Scrolls
 e - 2 scrolls of summoning {unknown}
 k - 6 scrolls of identify {unknown}
 p - a scroll of blinking {unknown}
 r - a scroll of silence {unknown}
 w - a scroll of amnesia {unknown}
Potions
 h - a potion of mutation {unknown}
 i - 2 potions of heal wounds {unknown}
 l - 2 potions of attraction {unknown}
 q - a potion of invisibility {unknown}
 t - 3 potions of curing {unknown}
 u - 2 potions of resistance {unknown}
 v - 2 potions of degeneration {unknown}
 z - a potion of might {unknown}


   Skills:
 - Level 3.3 Fighting
 + Level 6.6 Maces & Flails
 - Level 3.6 Throwing
 - Level 1.5 Dodging
 - Level 1.1 Stealth


You had 6 spell levels left.
You didn't know any spells.
Your spell library contained the following spells:

 Spells                   Type           Power      Damage    Failure   Level
 Animate Skeleton         Necr           0%         N/A       99%         1
 Apportation              Tloc           0%         N/A       99%         1
 Magic Dart               Conj           0%         1d3       99%         1
 Slow                     Hex            0%         N/A       99%         1
 Summon Small Mammal      Summ           0%         N/A       99%         1
 Ensorcelled Hibernation  Hex/Ice        0%         N/A       100%        2
 Searing Ray              Conj           0%         2d4       100%        2
 Fulminant Prism          Conj/Hex       0%         3d6       100%        4
 Hailstorm                Conj/Ice       0%         3d3       100%        4
 Simulacrum               Ice/Necr       0%         N/A       100%        6


Dungeon Overview and Level Annotations

Branches:
Dungeon (5/15)
 Temple: D:4-7

Altars:
Beogh

Annotations:
D:4 3 runed translucent doors, Adrian566's ghost, amateur DsFi


Innate Abilities, Weirdness & Mutations

You are immune to sickness and miasma.
Your stone body is resilient. (AC +4)
You are immune to poison.
You resist negative energy. (rN+)
You are resistant to electric shocks. (rElec)
You are resistant to unholy torment.
You are immune to petrification.


Message History

The adder bites you but does no damage. The adder barely misses you.
You sock the adder!
You kill the adder!
No target in view!
No target in view!
A kobold demonologist is nearby!
A kobold demonologist is nearby!
The kobold demonologist shouts!
There is a stone staircase leading up here.
You miss the kobold demonologist.
The kobold demonologist barely misses you.
You closely miss the kobold demonologist.
The kobold demonologist barely misses you.
You hit the kobold demonologist but do no damage.
The kobold demonologist barely misses you.
You thump the kobold demonologist!
The kobold demonologist is lightly wounded.
The kobold demonologist gestures wildly while chanting.
You barely miss the kobold demonologist.
The kobold demonologist is lightly wounded.
The sixfirhy closely misses you. x2
The kobold demonologist hits you but does no damage.
You puncture the kobold demonologist!
The kobold demonologist is heavily wounded.
The sixfirhy hits you but does no damage.
The sixfirhy hits you! The sixfirhy shocks you. You resist.
The sixfirhy hits you! The sixfirhy shocks you. You resist.
* * * LOW HITPOINT WARNING * * *
The sixfirhy hits you.
* * * LOW HITPOINT WARNING * * *
The sixfirhy shocks you. You resist.
* * * LOW HITPOINT WARNING * * *
The kobold demonologist barely misses you.
You closely miss the kobold demonologist.
The kobold demonologist is heavily wounded.
The kobold demonologist completely misses you.
You barely miss the kobold demonologist.
The kobold demonologist is heavily wounded.
The kobold demonologist hits you with a +0 dagger.
You die...

#............ #...##
#.?....#..... #.#.##
............. ##.#.##
##......... #..#..#
####......... ##.###/#
.........#.#+# ###..#.#..
..........3..# ####...##.##.
.........#K#####....###...##
..........<@............⌠..)
.........#.#####....###...##
.........#.....####...##.##.
.........#.###....###..#.#..
######+###.# #.##...##.###.#
#.# #.......#..#..# #.#
#######.##.#.## #.#
#..#.#.## #.# #..#)..##


You could see a kobold demonologist and a sixfirhy (summoned).

Vanquished Creatures
  A water moccasin (D:4)
  A necrophage (D:5)
  An orc priest (D:4)
  A centaur skeleton (D:4)
  A hound (D:3)
  A hound zombie (D:5)
  A hound skeleton (D:3)
  6 adders
  A shadow imp (D:5)
  An adder skeleton (D:3)
  3 worms
  3 dart slugs
  4 orcs (D:4)
  13 endoplasms
  4 giant cockroaches
  4 goblins
  9 hobgoblins
  4 quokkas
  10 ball pythons
  3 bats
  2 frilled lizards
  6 kobolds
  6 rats
86 creatures vanquished.

Notes
Turn   | Place    | Note
-------+----------+-------------------------------------------
     0 | D:1      | lessens the Gargoyle Hunter began the quest for the Orb.
     0 | D:1      | Reached XP level 1. HP: 12/12 MP: 1/1
   333 | D:1      | Reached XP level 2. HP: 12/18 MP: 2/2
   874 | D:1      | Reached skill level 1 in Maces & Flails
   943 | D:1      | Reached XP level 3. HP: 19/23 MP: 3/3
  1467 | D:2      | Reached skill level 2 in Maces & Flails
  1764 | D:2      | Reached XP level 4. HP: 21/28 MP: 4/4
  1883 | D:2      | Found a faded altar of an unknown god.
  1998 | D:2      | Reached skill level 3 in Maces & Flails
  2900 | D:3      | Reached skill level 4 in Maces & Flails
  2900 | D:3      | Reached XP level 5. HP: 22/32 MP: 5/5
  3626 | D:4      | Found a runed translucent gate.
  3627 | D:4      | Found a runed translucent gate.
  3627 | D:4      | Found a runed translucent gate.
  3630 | D:4      | Identified the +5 scale mail of a volcano {rF++ Str+4}
  3630 | D:4      | Noticed Adrian566's ghost (amateur DsFi)
  3698 | D:4      | Got the Disquisition on Icy Beguiling
  3885 | D:4      | Reached skill level 5 in Maces & Flails
  3885 | D:4      | Reached XP level 6. HP: 36/37 MP: 6/6
  4237 | D:5      | Entered Level 5 of the Dungeon
  4592 | D:5      | Noticed a water moccasin
  4592 | D:5      | Noticed a necrophage
  4593 | D:5      | Noticed a kobold demonologist
  4617 | D:4      | Killed a water moccasin
  4618 | D:4      | Reached skill level 6 in Maces & Flails
  4868 | D:5      | Killed a necrophage
  4869 | D:5      | Reached XP level 7. HP: 32/41 MP: 7/7
  4908 | D:5      | Noticed a sixfirhy
  4912 | D:5      | Slain by a kobold demonologist

Illustrated notes

Levels and vault maps discovered:
D:1:      dpeg_arrival_simpleton_c, layout_loops_ring
D:2:      layout_rooms, chequers_ecumenical_altar_simple_redux
D:3:      layout_loops_ring, minmay_surrounded
D:4:      layout_loops_ring, biasface_ghost_orc_armoury
D:5:      minmay_general_purpose_star, layout_basic, uniq_blork_the_orc

Skill      XL: |  1  2  3  4  5  6 |
---------------+-------------------+-----
Fighting       | 3 |  3.3
Maces & Flails | 1 2 4 5 6 |  6.6
Throwing       | |  3.6
Dodging        | |  1.5
Stealth        | |  1.1

Action                   |  1- 3 |  4- 6 |  7- 9 || total
-------------------------+-------+-------+-------++-------
Melee: Short sword       |    73 |       |       ||    73
       Mace              |    58 |   182 |       ||   240
       Club              |    30 |       |       ||    30
       Hand axe          |     7 |       |       ||     7
       Morningstar       |       |    23 |    19 ||    42
Throw: Javelin           |       |     2 |       ||     2
 Stab: Sleeping          |     1 |       |       ||     1
Armor: Leather armour    |    16 |       |       ||    16
       Chain mail        |    75 |   169 |    12 ||   256
Dodge: Dodged            |    80 |    89 |    12 ||   181

Table legend: (Time is in decaauts)
 A = Elapsed time spent in this place.
 B = Non-inter-level travel time spent in this place.
 C = Inter-level travel time spent in this place.
 D = Time resting spent in this place.
 E = Time spent auto-exploring this place.
 F = Levels seen in this place.
 G = Mean time per level.
                   A        B        C        D        E       F      G
               +--------+--------+--------+--------+--------+-----+--------+
         Total |   4988 |   4791 |    197 |    228 |   3733 |   5 |  997.6 |
       Dungeon |   4988 |   4791 |    197 |    228 |   3733 |   5 |  997.6 |
               +--------+--------+--------+--------+--------+-----+--------+

Top non-repeatable levels by time:
     D:1: 1372 daAuts
     D:3: 1202 daAuts
     D:4: 1018 daAuts
     D:2: 863 daAuts
     D:5: 531 daAuts
